 Dungeon Crawl Stone Soup version 0.19.3-1-g3169bf9 (webtiles) character file.

510086 ChocoTaco the Black Belt (level 24, -14/189 HPs)
             Began as a Demonspawn Monk on Jan 26, 2017.
             Was a High Priest of Okawaru.
             Killed from afar by a spark wasp (18 damage)
             ... with a living lightning
             ... on level 4 of the Depths.
             The game lasted 03:15:02 (72254 turns).

ChocoTaco the Black Belt (Demonspawn Monk)         Turns: 72254, Time: 03:15:03

Health: -14/189    AC: 22    Str: 10    XL:     24   Next: 30%
Magic:  0/37       EV: 31    Int: 21    God:    Okawaru [*****.]
Gold:   1282       SH: 24    Dex: 28    Spells: 5 memorised, 29 levels left

rFire  + . .     SeeInvis +       - Unarmed
rCold  + . .     Gourm    .     h - +3 faerie dragon scales {rCorr Str-4 Slay+2}
rNeg   + + +     Faith    .     x - +2 shield {AC+3}
rPois  +         Spirit   +     o - +2 helmet {Int+3}
rElec  .         Reflect  .     k - +1 cloak {rPois}
rCorr  +         Harm     .     (gloves unavailable)
MR     +++..                    r - +2 pair of boots of Resonance {rF+}
Stlth  ++++++++..               W - amulet of Zauroacs {RegenMP Dex+2 Slay+2 SInv}
                                X - ring of the Mage {Wiz MR++ Int+3}
                                q - ring of Hehuzaud {rC+ rN++ Dex+2 Stlth+}

@: about to teleport, heroism, finesse, very slightly contaminated
A: claws 3, large bone plates 3, agile 1, demonic guardian 2, negative energy
resistance 1, slow regeneration 1, 50% torment resistance, magic shield, magic
regeneration, magic link, black mark
a: Heroism, Finesse, Renounce Religion
}: 2/15 runes: serpentine, barnacled


You were on level 4 of the Depths.
You worshipped Okawaru.
Okawaru was extremely pleased with you.
You were not hungry.

You visited 8 branches of the dungeon, and saw 41 of its levels.
You visited the Abyss 1 time.
You also visited: Labyrinth and Ossuary.

You collected 4552 gold pieces.
You spent 3270 gold pieces at shops.

Inventory:

Hand Weapons
 F - a +4 blowgun
 Z - a +5 quick blade
Missiles
 d - 14 needles of confusion
 f - 11 needles of sleeping
 D - 3 needles of paralysis
 Q - 45 poisoned needles
 U - 25 curare-tipped needles
Armour
 h - the +3 faerie dragon scales (worn) {rCorr Str-4 Slay+2}
   (You took it off the Enchantress on level 2 of the Depths)

   It affects your strength (-4).
   It affects your accuracy and damage with ranged weapons and melee attacks
   (+2).
   It protects you from acid and corrosion.
 k - a +1 cloak of poison resistance (worn)
 o - a +2 helmet of intelligence (worn)
 r - the +2 pair of boots of Resonance (worn) {rF+}
   (Okawaru gifted it to you on level 3 of the Lair of Beasts)

   It protects you from fire.
 x - a +2 shield of protection (worn)
 J - the +1 cloak of Starlight {rElec rC+ EV+4 Stlth--}
   (You found it on level 3 of the Depths)

   It affects your evasion (+4).
   It protects you from cold.
   It insulates you from electricity.
   It makes you much less stealthy.
 L - a +1 large shield of protection
 V - a +2 helmet of see invisible
Jewellery
 a - an uncursed ring of protection from cold {unknown}
 q - the ring of Hehuzaud (left claw) {rC+ rN++ Dex+2 Stlth+}
   (You bought it in a shop on level 2 of the Snake Pit)

   [ring of protection from cold]

   It affects your dexterity (+2).
   It protects you from cold.
   It greatly protects you from negative energy.
   It makes you more stealthy.
 y - the amulet of Dehiciat {Reflect *Drain rElec rC+++ Str-3 SH+2}
   (You found it on level 1 of the Depths)

   [amulet of reflection]

   It shields you and reflects attacks.
   It affects your strength (-3).
   It renders you almost immune to cold.
   It insulates you from electricity.
   It causes draining when unequipped.
   It affects your SH (+2).
 E - a ring of the Octopus King {rN+ AC+1 EV+1 Str+1 Int+1 Dex+1}
   (You found it on level 3 of the Depths)

   [ring of positive energy]

   It affects your AC (+1).
   It affects your evasion (+1).
   It affects your strength (+1).
   It affects your intelligence (+1).
   It affects your dexterity (+1).
   It protects you from negative energy.
 W - the amulet of Zauroacs (around neck) {RegenMP Dex+2 Slay+2 SInv}
   (You found it on level 1 of the Elven Halls)

   [amulet of magic regeneration]

   It increases your magic regeneration.
   It affects your dexterity (+2).
   It affects your accuracy and damage with ranged weapons and melee attacks
   (+2).
   It lets you see invisible.
 X - the ring of the Mage (right claw) {Wiz MR++ Int+3}
   (You bought it in a shop on level 2 of the Snake Pit)

   [ring of wizardry]

   It improves your spell success rate.
   It affects your intelligence (+3).
   It affects your resistance to hostile enchantments.
Wands
 e - a wand of teleportation (5/9)
 i - a wand of heal wounds (2/9)
 K - a wand of heal wounds (5/9)
 P - a wand of digging (22/24)
Scrolls
 g - 2 scrolls of teleportation
 j - 15 scrolls of remove curse
 n - a scroll of immolation
 p - 3 scrolls of fog
 s - 2 scrolls of blinking
 u - 5 scrolls of magic mapping
 v - a scroll of summoning
 w - 9 scrolls of fear
 A - 8 scrolls of identify
 B - 5 scrolls of silence
 R - a scroll of recharging
Potions
 c - 5 potions of haste
 m - a potion of degeneration
 t - 9 potions of curing
 C - 5 potions of heal wounds
 G - a potion of might
 H - 2 potions of magic
 I - 4 potions of brilliance
 M - 3 potions of ambrosia
 N - a potion of flight
 O - 3 potions of agility
 S - 5 potions of mutation
 Y - 4 potions of resistance
Comestibles
 b - 25 bread rations
 l - 11 meat rations
 z - 13 fruits


   Skills:
 - Level 15.2(20.2) Fighting
 - Level 7.1(12.1) Short Blades
 - Level 6.1(11.1) Throwing
 - Level 14.1(19.1) Dodging
 - Level 13.3(18.3) Stealth
 - Level 10.5(15.5) Shields
 - Level 20.4(25.4) Unarmed Combat
 - Level 10.0 Spellcasting
 - Level 3.2 Charms
 - Level 5.0 Necromancy
 + Level 16.3 Translocations
 - Level 3.1 Air Magic
 - Level 9.1 Invocations


You had 29 spell levels left.
You knew the following spells:

 Your Spells              Type           Power        Failure   Level  Hunger
a - Animate Skeleton      Necr           N/A          1%          1    None
b - Apportation           Tloc           ######....   0%          1    None
c - Swiftness             Chrm/Air       ###.....     1%          2    None
d - Repel Missiles        Chrm/Air       ###...       1%          2    None
e - Controlled Blink      Tloc           N/A          52%         8    #######


Dungeon Overview and Level Annotations

Branches:
Dungeon (15/15)            Temple (0/1) D:4            Lair (6/6) D:8
 Shoals (4/4) Lair:2        Snake (4/4) Lair:2        Slime (0/5) Lair:5
    Orc (2/2) D:9             Elf (2/3) Orc:2        Vaults (4/5) D:13
  Crypt (0/3) Vaults:3     Depths (4/5) D:15

Altars:
Elyvilon
Kikubaaqudgha
Okawaru
Qazlal
Sif Muna
Vehumet
Yredelemnul

Shops:
D:6 ?   D:11 ?   D:13 [   D:15 (   Orc:2 :(%*   Elf:1 (   Elf:2 %
Shoals:1 **[[   Snake:2 }==   Snake:3 [!   Vaults:1 *   Vaults:3 (
Depths:1 :[

Portals:
Hell: Depths:1 Depths:2 Depths:3
Pandemonium: Depths:1 Depths:2 Depths:3
Ziggurat: Depths:2
Trove: Depths:2 (give book of the Sky)


Innate Abilities, Weirdness & Mutations

You have claws for hands.
You are completely covered in large bone plates. (SH +8)
A demonic guardian rushes to your aid.
You resist negative energy. (rN+)
You are somewhat able to resist unholy torments (1 in 2 success).
When hurt, damage is shared between your health and your magic reserves.
You regenerate magic rapidly.
When low on magic, you restore magic in place of health.
Your melee attacks may debilitate your foes.
You are agile. (Dex +2)
You regenerate slowly when monsters are visible.


Message History

You feel strangely unstable.
The caustic shrike simulacrum completely misses you.
You block the spark wasp's attack. The ice dragon breathes frost at you.
The blast of cold hits the caustic shrike simulacrum.
The caustic shrike simulacrum completely resists.
The blast of cold hits you! You resist.
* * * LOW HITPOINT WARNING * * *
The caustic shrike simulacrum claws you.
* * * LOW HITPOINT WARNING * * *
The caustic shrike simulacrum freezes you!
You resist.
* * * LOW HITPOINT WARNING * * *
Blink to where?
Press: ? - help, Dir - move target cursor You are very lightly contaminated with residual magic.
As you read the scroll of blinking, it crumbles to dust.
The spark wasp bursts into living lightning!
The living lightning hits you!
You die...

##..|#R..##..#...#...#
#..[#pi)..##(#...##..#
##(DZ#############.#
#..:/.#y......(..##..#
##.)4#.......#(..#...#
#...#....%..#(.#....#
###.#....#.#.(......#
###...#...........#
#..$..#.#@......#
#[..#....).....##
#.##..#........#
#...........##.#
#............###
#..#.........#
###......#...#
#.......#####
.........


You could see a spark wasp.

Vanquished Creatures
  An ancient lich (Abyss:2)
  Mara (Shoals:4)
  Sojobo (Vaults:3)
  Boris (Vaults:2)
  Bai Suzhen (Vaults:2)
  Saint Roka (Vaults:1)
  3 golden dragons
  A caustic shrike (Depths:4)
  Nikola (Depths:3)
  the Enchantress (Depths:2)
  Jorgrun (Vaults:2)
  5 liches
  Rupert (Lair:6)
  2 quicksilver dragons
  A deep elf blademaster (Depths:4)
  A deep elf master archer (Depths:4)
  Asterion (Vaults:2)
  A tentacled starspawn (Abyss:2)
  Polyphemus (Shoals:4)
  Frances (Snake:1)
  Kirke (Snake:3)
  A kraken (Shoals:3)
  A shadow dragon (Depths:3)
  4 sphinxes
  3 thorn hunters (Depths:2)
  The ghost of zachydoo the Peltast, an adept HOFi of the Shining One (Shoals:4)
  Donald (Elf:1)
  4 nagarajas
  Roxanne (Shoals:2)
  Ilsuiw (Shoals:4)
  2 tengu reavers
  A fire giant (Depths:3)
  The ghost of cheese the Severer, a journeyman MiBe of Trog (Shoals:2)
  5 frost giants
  A daeva (Depths:2)
  8 vault wardens
  3 iron dragons
  Aizul (Elf:2)
  A deep elf elementalist (Elf:2)
  2 angels (Depths:2)
  9 stone giants
  7 very ugly things
  6 ironheart preservers
  2 spriggan defenders (Depths:2)
  An entropy weaver (Vaults:3)
  Nessos (Lair:4)
  4 deep elf demonologists
  2 vampire knights
  2 deep elf annihilators
  A lorocyproca (Depths:1)
  Azrael (D:14)
  A dire elephant (Depths:2)
  5 spark wasps
  A deep elf death mage (Elf:2)
  4 merfolk javelineers
  8 ettins
  Snorg (D:14)
  3 jiangshi (Depths:1)
  A minotaur (Lab)
  8 merfolk impalers
  7 yaktaur captains
  7 fire dragons
  4 ice dragons
  8 vault guards
  19 naga warriors
  Erolcha (D:11)
  3 great orbs of eyes
  8 rakshasas
  Fannar (Lair:3)
  2 merfolk avatars
  5 hydras
  2 catoblepae
  5 centaur warriors
  11 anacondas
  7 merfolk aquamancers
  A death knight (D:15)
  3 spriggan air magi
  15 ogre magi
  9 death yaks
  An alligator snapping turtle (Shoals:4)
  2 satyrs (Shoals:4)
  5 deep troll shamans
  4 tengu warriors
  12 deep troll earth magi
  2 vampire magi
  23 dancing weapons
  8 shock serpents
  3 thrashing horrors (Abyss:2)
  5 orc high priests
  3 spriggan berserkers (Depths:4)
  19 deep elf knights
  2 wretched stars (Abyss:2)
  An iron troll (Depths:1)
  A soul eater (Depths:3)
  6 hell knights
  A sun demon (Depths:1)
  16 naga sharpshooters
  2 salamander mystics
  8 skeletal warriors
  A spatial maelstrom (Abyss:2)
  24 deep trolls
  2 unseen horrors
  2 flayed ghosts
  A death drake (shapeshifter) (Depths:4)
  14 sea snakes
  8 wizards
  14 deep elf archers
  8 naga ritualists
  An unseen horror (shapeshifter) (Depths:4)
  A large abomination (Abyss:2)
  A swamp dragon (shapeshifter) (D:14)
  4 glowing orange brains
  A kraken simulacrum (Shoals:4)
  A phantasmal warrior (D:14)
  3 shadow demons
  7 ironbrand convokers
  A shambling mangrove (Depths:2)
  A shadow dragon zombie (D:15)
  16 orc knights
  A wolf spider zombie (D:15)
  9 hill giants
  6 wolf spiders
  4 orc sorcerers (Orc:2)
  2 stone giant zombies (D:15)
  5 necromancers
  A shining eye (shapeshifter) (Depths:4)
  36 ugly things
  62 deep elf magi
  9 mana vipers
  20 harpies
  A cyclops (shapeshifter) (Depths:4)
  A mana viper (shapeshifter) (Vaults:2)
  11 cyclopes
  11 manticores
  10 fauns
  A salamander (shapeshifter) (Depths:1)
  4 elephants (Lair:6)
  A human zombie (Vaults:1)
  A moth of wrath (shapeshifter) (Depths:4)
  7 salamanders
  A fire giant skeleton (Abyss:2)
  15 sirens
  An elephant (shapeshifter) (Elf:2)
  7 guardian serpents
  39 black mambas
  29 naga magi
  A centaur skeleton (D:12)
  6 vault sentinels
  7 water nymphs
  4 spectral swamp worms (Depths:2)
  11 spiny frogs
  A smoke demon (Abyss:2)
  An efreet (D:15)
  A spiny frog (shapeshifter) (Vaults:2)
  29 yaktaurs
  A rime drake (shapeshifter) (Vaults:1)
  5 freezing wraiths
  An orange demon (Depths:3)
  4 kobold demonologists
  3 rime drakes
  An ancient zyme (Vaults:2)
  3 komodo dragons
  A guardian mummy (D:14)
  An ice devil (Depths:1)
  2 hellwings (Depths:3)
  6 trolls
  4 polar bears (Lair:6)
  A redback zombie (D:15)
  4 tengu conjurers
  A troll (shapeshifter) (D:15)
  34 merfolk
  6 wind drakes
  2 two-headed ogres (shapeshifter)
  3 meliai (D:15)
  15 two-headed ogres
  8 hornets
  12 blink frogs
  A raiju (Abyss:2)
  4 dream sheep
  A slime creature (shapeshifter) (Depths:3)
  11 slime creatures
  An ettin zombie (Vaults:1)
  10 hippogriffs
  13 snapping turtles
  A hippogriff (shapeshifter) (Vaults:3)
  A deep troll zombie (D:15)
  22 water elementals
  13 spriggans
  3 wyverns
  A fire giant simulacrum (Vaults:2)
  5 air elementals
  2 tarantellas (shapeshifter)
  3 shadows
  A basilisk (shapeshifter) (D:15)
  2 basilisks
  2 starcursed masses (Abyss:2)
  32 yaks
  4 wraiths
  A hog (shapeshifter) (Vaults:3)
  3 vampire mosquitoes (D:14)
  2 chaos spawn
  9 fire elementals
  2 golden eyes (Abyss:2)
  A golden eye (shapeshifter) (Vaults:1)
  A neqoxec (Depths:1)
  A human simulacrum (Vaults:2)
  2 hungry ghosts
  A mottled dragon (D:14)
  Menkaure (D:7)
  5 wargs
  47 nagas
  2 spatial vortices (Abyss:2)
  A soldier ant (D:13)
  A naga (shapeshifter) (Depths:1)
  13 water moccasins
  2 hell hounds (Lair:2)
  A soldier ant (shapeshifter) (Vaults:1)
  A porcupine (Lair:2)
  A floating eye (shapeshifter) (Depths:3)
  2 floating eyes (Depths:3)
  4 phantoms
  2 ice beasts
  2 black bears
  5 sky beasts
  An ettin simulacrum (Vaults:2)
  32 orc warriors
  A necrophage (D:8)
  2 eyes of draining
  54 ogres
  10 boggarts
  26 wolves
  39 centaurs
  9 crocodiles
  The ghost of ChocoTaco the Magician, an amateur DsWz (D:3)
  11 big kobolds
  A yaktaur zombie (Vaults:1)
  22 bullfrogs
  4 earth elementals
  A wyvern zombie (Ossuary)
  A small abomination (Abyss:2)
  A wyvern skeleton (D:11)
  5 scorpions
  9 killer bees
  3 wights (D:10)
  2 electric eels
  5 howler monkeys
  12 crimson imps
  2 bullfrog zombies
  5 centaur zombies
  3 jellies
  2 quasits
  7 hounds
  22 orc priests
  An iron imp (Depths:3)
  3 bullfrog skeletons
  An iguana (D:5)
  11 worker ants
  Natasha (twice) (D:2)
  26 orc wizards
  5 hell rats (Lair:2)
  A killer bee zombie (Ossuary)
  A hound zombie (D:11)
  12 mummies (Ossuary)
  3 gnolls (D:5)
  A howler monkey skeleton (D:10)
  5 worker ant zombies
  12 adders
  2 river rats (D:8)
  4 shadow imps
  3 white imps (Abyss:2)
  An ooze (D:2)
  4 adder zombies
  An adder skeleton (D:8)
  2 worms (D:2)
  2 dart slugs (D:1)
  7 leopard geckos
  68 orcs
  12 giant cockroaches
  11 goblins
  6 hobgoblins
  2 jackals (D:1)
  5 quokkas
  10 bats
  5 frilled lizards
  A giant cockroach zombie (Ossuary)
  A jackal skeleton (D:4)
  23 kobolds
  A leopard gecko skeleton (D:4)
  3 leopard gecko zombies (Ossuary)
  5 quokka zombies (Ossuary)
  11 rats
  A briar patch (Depths:2)
  A plant (Lair:3)
  2 starspawn tentacles (Abyss:2)
  2 tentacles
1784 creatures vanquished.

Vanquished Creatures (collateral kills)
  A tentacled monstrosity (Depths:3)
  Gastronok (Lair:3)
  4 nagarajas (Snake:4)
  2 ironheart preservers (Vaults:3)
  A deep elf annihilator (Elf:2)
  2 merfolk javelineers (Shoals:4)
  A merfolk impaler (Shoals:4)
  A rakshasa (Depths:4)
  A death knight (D:14)
  3 hydras
  2 naga warriors
  A merfolk avatar (Shoals:2)
  A catoblepas (D:13)
  3 centaur warriors
  3 death yaks
  2 naga sharpshooters (Snake:4)
  A spriggan berserker (Depths:3)
  2 deep troll earth magi
  A shock serpent (Snake:4)
  A thrashing horror (Abyss:2)
  A deep elf knight (Vaults:2)
  A skeletal warrior (D:14)
  5 naga ritualists
  A glowing orange brain (Depths:4)
  2 deep trolls
  An orc knight (Vaults:1)
  A wolf spider zombie (D:14)
  2 harpies (Shoals:2)
  5 deep elf magi
  An oklob plant (Lair:3)
  A mana viper (Snake:3)
  A cyclops (D:11)
  A manticore (Shoals:4)
  4 fauns
  2 sirens
  6 ugly things
  2 salamanders
  6 black mambas
  6 elephants (Lair:6)
  Psyche (D:9)
  4 naga magi
  A spectral swamp worm (Depths:2)
  2 vault sentinels
  A centaur skeleton (D:14)
  A yaktaur (D:13)
  2 freezing wraiths (D:14)
  A polar bear (Lair:3)
  3 merfolk
  A two-headed ogre (Vaults:3)
  A hornet (Lair:6)
  A hippogriff (Lair:6)
  4 dream sheep
  A wind drake (Shoals:1)
  7 blink frogs
  A tarantella (shapeshifter) (Depths:1)
  A redback (Lair:6)
  5 spriggans (Lair:6)
  11 yaks
  5 nagas
  2 hell hounds (D:14)
  A water moccasin (Lair:3)
  2 porcupines
  2 orc warriors
  2 black bears
  3 boggarts
  3 ogres
  A human skeleton (Vaults:1)
  5 wolves
  2 crocodiles
  2 big kobolds (D:8)
  3 bullfrogs
  A killer bee (D:9)
  4 orc wizards
  6 orcs
  2 kobolds
  A rat (D:8)
  2 tentacles (Shoals:3)
181 creatures vanquished.

Vanquished Creatures (others)
  A deep elf knight (Vaults:3)
  A deep elf archer (Vaults:3)
  A necromancer (Vaults:2)
  A black mamba (Snake:3)
  2 yaktaurs
  4 humans (Snake:3)
  A shadow (D:12)
  An ogre (Depths:2)
  A boggart (Depths:4)
  A bullfrog (D:15)
  13 fungi
  21 plants
  2 starspawn tentacles (Abyss:2)
  5 tentacles
  2 withered plants (Ossuary)
57 creatures vanquished.

Grand Total: 2022 creatures vanquished

Notes
Turn   | Place    | Note
-------+----------+-------------------------------------------
     0 | D:1      | ChocoTaco the Demonspawn Monk began the quest for the Orb.
     0 | D:1      | Reached XP level 1. HP: 18/18 MP: 1/1
   551 | D:1      | Reached skill level 3 in Unarmed Combat
   759 | D:1      | Gained mutation: You have sharp fingernails. [demonic ancestry]
   759 | D:1      | Reached XP level 2. HP: 24/24 MP: 2/2
  1357 | D:2      | Noticed Natasha
  1361 | D:2      | Killed Natasha
  1361 | D:2      | Reached skill level 4 in Unarmed Combat
  1361 | D:2      | Gained mutation: A weak demonic guardian rushes to your aid. [demonic ancestry]
  1361 | D:2      | Reached XP level 3. HP: 24/29 MP: 3/3
  1394 | D:2      | Noticed Natasha
  1398 | D:2      | Killed Natasha
  1398 | D:2      | Reached XP level 4. HP: 32/35 MP: 4/4
  2129 | D:2      | Reached skill level 5 in Unarmed Combat
  2740 | D:2      | Gained mutation: You are partially covered in large bone plates. (SH +4) [demonic ancestry]
  2740 | D:2      | Reached XP level 5. HP: 41/41 MP: 5/5
  2885 | D:3      | Noticed ChocoTaco's ghost (amateur DsWz)
  2906 | D:3      | Killed ChocoTaco's ghost
  3353 | D:3      | Noticed an ogre
  3358 | D:3      | Killed an ogre
  3358 | D:3      | Gained mutation: When hurt, damage is shared between your health and your magic reserves. [demonic ancestry]
  3358 | D:3      | Reached XP level 6. HP: 42/47 MP: 6/6
  3448 | D:3      | Found an iron altar of Okawaru.
  3529 | D:3      | Became a worshipper of Warmaster Okawaru
  3529 | D:3      | Reached * piety under Okawaru
  3529 | D:3      | Reached ** piety under Okawaru
  3720 | D:4      | Reached skill level 1 in Invocations
  3923 | D:4      | Learned a level 1 spell: Animate Skeleton
  4108 | D:4      | Found a staircase to the Ecumenical Temple.
  4241 | D:4      | Gained mutation: A demonic guardian rushes to your aid. [demonic ancestry]
  4241 | D:4      | Reached XP level 7. HP: 50/52 MP: 9/9
  4437 | D:5      | Entered Level 5 of the Dungeon
  4821 | D:5      | Reached skill level 5 in Necromancy
  4840 | D:5      | Reached skill level 6 in Unarmed Combat
  5574 | D:5      | Reached skill level 7 in Unarmed Combat
  5574 | D:5      | Gained mutation: You regenerate magic rapidly. [demonic ancestry]
  5574 | D:5      | Reached XP level 8. HP: 53/58 MP: 7/10
  5771 | D:6      | Reached skill level 8 in Unarmed Combat
  5932 | D:6      | Reached skill level 1 in Spellcasting
  6504 | D:6      | Reached skill level 1 in Short Blades
  6765 | D:6      | Reached *** piety under Okawaru
  6896 | D:6      | Found Doduada's Magic Scroll Emporium.
  6899 | D:6      | Bought a scroll of enchant armour for 90 gold pieces
  6899 | D:6      | Bought a scroll of blinking for 90 gold pieces
  6899 | D:6      | Bought a scroll of identify for 24 gold pieces
  7118 | D:7      | Noticed Menkaure
  7121 | D:7      | Killed Menkaure
  7121 | D:7      | Reached XP level 9. HP: 63/63 MP: 10/13
  8061 | D:7      | Reached skill level 5 in Stealth
  8465 | D:8      | Found a sand-covered staircase.
  8471 | Ossuary  | Entered an ossuary
  9350 | D:8      | Found a staircase to the Lair.
  9531 | D:8      | Got an ancient quarterstaff
  9565 | D:8      | Gained mutation: You have very sharp fingernails. [demonic ancestry]
  9565 | D:8      | Reached XP level 10. HP: 62/73 MP: 11/14
  9923 | D:8      | Reached skill level 5 in Fighting
 10155 | D:8      | Reached **** piety under Okawaru
 10155 | D:8      | Reached skill level 9 in Unarmed Combat
 10475 | D:8      | Learned a level 1 spell: Apportation
 10638 | D:9      | Noticed Psyche
 10650 | D:9      | Killed Psyche
 10650 | D:9      | Reached skill level 5 in Invocations
 10842 | D:9      | Found a staircase to the Orcish Mines.
 11636 | Lair:1   | Entered Level 1 of the Lair of Beasts
 11643 | Lair:1   | Reached skill level 1 in Translocations
 11873 | Lair:1   | Noticed a spiny frog
 11885 | Lair:1   | Killed a spiny frog
 11978 | Lair:1   | Noticed a spiny frog
 11979 | Lair:1   | Noticed a spiny frog
 11984 | Lair:1   | Killed a spiny frog
 11984 | Lair:1   | Gained mutation: You are mostly covered in large bone plates. (SH +6) [demonic ancestry]
 11984 | Lair:1   | Reached XP level 11. HP: 64/81 MP: 12/17
 12426 | Lair:1   | Reached skill level 1 in Shields
 12458 | Lair:1   | Reached ***** piety under Okawaru
 13407 | Lair:2   | Noticed a five-headed hydra
 13412 | Lair:2   | Killed a five-headed hydra
 13506 | Lair:2   | Found a staircase to the Snake Pit.
 13902 | Lair:2   | Received a gift from Okawaru
 13964 | Lair:2   | Noticed a death yak
 13964 | Lair:2   | Noticed a death yak
 13964 | Lair:2   | Noticed a death yak
 13964 | Lair:2   | Noticed a death yak
 13964 | Lair:2   | Noticed a death yak
 13965 | Lair:2   | Noticed a death yak
 13984 | Lair:2   | Killed a death yak
 13984 | Lair:2   | Reached skill level 5 in Shields
 13995 | Lair:2   | Killed a death yak
 14000 | Lair:2   | Killed a death yak
 14004 | Lair:2   | Killed a death yak
 14018 | Lair:2   | Killed a death yak
 14030 | Lair:2   | Killed a death yak
 15048 | Lair:2   | Found a staircase to the Shoals.
 15681 | Lair:2   | Gained mutation: You have claws for hands. [demonic ancestry]
 15681 | Lair:2   | Reached XP level 12. HP: 85/87 MP: 18/18
 15985 | Lair:3   | You fall through a shaft for 3 floors!
 15985 | Lair:6   | Entered Level 6 of the Lair of Beasts
 15993 | Lair:6   | Reached ****** piety under Okawaru
 16002 | Lair:6   | Received a gift from Okawaru
 16044 | Lair:6   | Noticed an eight-headed hydra
 16053 | Lair:6   | Killed a 13-headed hydra
 16053 | Lair:6   | Reached skill level 10 in Shields
 16067 | Lair:6   | Found a labyrinth entrance.
 16084 | Lab      | Entered a labyrinth
 16583 | Lab      | Noticed a minotaur
 16589 | Lab      | Killed a minotaur
 16602 | Lab      | Got a wavering wooden ring
 16604 | Lab      | Identified the ring of the Augurer {rPois MR+ Dex+2 Stlth-} (You found it in a labyrinth)
 16911 | Lair:3   | Noticed a four-headed hydra
 16925 | Lair:3   | Killed a 12-headed hydra
 16929 | Lair:3   | Noticed Gastronok
 16934 | Lair:3   | Killed Gastronok
 16934 | Lair:3   | Received a gift from Okawaru
 16935 | Lair:3   | Got a pair of slimy boots {god gift}
 17248 | Lair:3   | Identified the +2 pair of boots of Resonance {rF+} (Okawaru gifted it to you on level 3 of the Lair of Beasts)
 17308 | Lair:3   | Noticed a seven-headed hydra
 17329 | Lair:3   | Killed a 19-headed hydra
 17329 | Lair:3   | Reached skill level 5 in Dodging
 17759 | Lair:3   | Noticed Fannar
 17769 | Lair:3   | Killed Fannar
 17844 | Lair:3   | Gained mutation: You tend to lose your temper in combat. [potion of mutation]
 17844 | Lair:3   | Gained mutation: Your flesh is cold resistant. (rC+) [potion of mutation]
 17844 | Lair:3   | Gained mutation: You occasionally shout uncontrollably at your foes. [potion of mutation]
 17845 | Lair:3   | Lost mutation: You occasionally shout uncontrollably at your foes. [potion of cure mutation]
 17845 | Lair:3   | Lost mutation: You tend to lose your temper in combat. [potion of cure mutation]
 17845 | Lair:3   | Lost mutation: Your flesh is cold resistant. (rC+) [potion of cure mutation]
 17846 | Lair:3   | Gained mutation: You are agile. (Dex +2) [potion of beneficial mutation]
 18736 | Lair:4   | Reached XP level 13. HP: 87/93 MP: 17/19
 18770 | Lair:4   | Reached skill level 1 in Throwing
 18799 | Lair:4   | Noticed Nessos
 18823 | Lair:4   | Killed Nessos
 19659 | Lair:5   | Found a staircase to the Slime Pits.
 19945 | Lair:5   | Reached skill level 5 in Throwing
 20442 | Lair:6   | Noticed Rupert
 20508 | Lair:6   | Received a gift from Okawaru
 20670 | Lair:6   | Received a gift from Okawaru
 21233 | Lair:6   | Received a gift from Okawaru
 21253 | Lair:6   | Reached skill level 10 in Dodging
 21839 | Lair:6   | Paralysed by Rupert for 7 turns
 21865 | Lair:6   | Killed Rupert
 21865 | Lair:6   | Received a gift from Okawaru
 21921 | Lair:6   | Received a gift from Okawaru
 21959 | Lair:6   | Gained mutation: When low on magic, you restore magic in place of health. [demonic ancestry]
 21959 | Lair:6   | Reached XP level 14. HP: 88/100 MP: 20/20
 22507 | D:10     | Entered Level 10 of the Dungeon
 22564 | D:10     | Learned a level 2 spell: Swiftness
 22567 | D:10     | Learned a level 2 spell: Repel Missiles
 22955 | D:11     | Reached skill level 10 in Unarmed Combat
 23281 | D:11     | Noticed Erolcha
 23294 | D:11     | Killed Erolcha
 23452 | D:11     | Found Bekemoaq's Magic Scroll Shoppe.
 23455 | D:11     | Bought a scroll of identify for 24 gold pieces
 23591 | D:11     | Received a gift from Okawaru
 23660 | D:11     | Reached skill level 11 in Unarmed Combat
 24180 | D:12     | Received a gift from Okawaru
 24412 | D:13     | Found a gate to the Vaults.
 24419 | D:13     | Reached skill level 12 in Unarmed Combat
 24674 | D:13     | Found Litaaske's Armour Shop.
 25683 | D:14     | Noticed Azrael
 25703 | D:14     | Reached skill level 13 in Unarmed Combat
 25709 | D:14     | Noticed Snorg
 25725 | D:14     | Killed Azrael
 25735 | D:14     | Killed Snorg
 26447 | D:14     | Reached XP level 15. HP: 105/105 MP: 21/21
 26733 | D:14     | Received a gift from Okawaru
 27016 | D:15     | Entered Level 15 of the Dungeon
 27507 | D:15     | Reached skill level 5 in Short Blades
 27549 | D:15     | Found a staircase to the Depths.
 28206 | D:15     | Received a gift from Okawaru
 28207 | D:15     | Got a transparent chain mail {god gift}
 28218 | D:15     | Identified the +0 chain mail of Lyemm {rPois Regen+ Dex-2 Stlth+} (Okawaru gifted it to you on level 15 of the Dungeon)
 28415 | D:15     | Reached skill level 1 in Air Magic
 28561 | D:15     | Reached skill level 1 in Charms
 29546 | D:15     | Found Utarou Betz's Antique Weapon Shop.
 30034 | Orc:1    | Entered Level 1 of the Orcish Mines
 30402 | Orc:2    | Entered Level 2 of the Orcish Mines
 30621 | Orc:2    | Found a staircase to the Elven Halls.
 30672 | Orc:2    | Reached skill level 14 in Unarmed Combat
 31084 | Orc:2    | Found Voommut's Book Emporium.
 31090 | Orc:2    | Found Binwur's Food Boutique.
 31145 | Orc:2    | Found Fiureawn's Assorted Antiques.
 31579 | Orc:2    | Bought a book of the Warp for 900 gold pieces
 31583 | Orc:2    | Found Erunuu's Weapon Emporium.
 31589 | Orc:2    | Bought a potion of heal wounds for 120 gold pieces
 31589 | Orc:2    | Bought a potion of curing for 72 gold pieces
 31823 | Orc:2    | Learned a level 8 spell: Controlled Blink
 31913 | Snake:1  | Entered Level 1 of the Snake Pit
 32287 | Snake:1  | Noticed Frances
 32299 | Snake:1  | Killed Frances
 32316 | Snake:1  | Received a gift from Okawaru
 32561 | Snake:1  | Found a white marble altar of Elyvilon.
 33246 | Snake:2  | Reached XP level 16. HP: 102/113 MP: 20/22
 34199 | Snake:2  | Found Vuerghemm's Gadget Emporium.
 34199 | Snake:2  | Found Foeh's Jewellery Boutique.
 34200 | Snake:2  | Found Teit Haz's Jewellery Boutique.
 35306 | Snake:2  | Reached skill level 15 in Unarmed Combat
 35319 | Snake:2  | Received a gift from Okawaru
 35960 | Snake:2  | Got a crude chain mail
 36586 | Snake:2  | Identified the cursed +0 chain mail "Talaodes" {*Corrode rN++ Int+2 Dex-3} (You found it on level 2 of the Snake Pit)
 36863 | Snake:3  | Found Kepneism's Antique Armour Shoppe.
 37161 | Snake:3  | Reached skill level 10 in Stealth
 37498 | Snake:3  | Found Byriw's Distillery.
 37540 | Snake:3  | Noticed Kirke
 37551 | Snake:3  | Killed Kirke
 38428 | Snake:4  | Entered Level 4 of the Snake Pit
 38451 | Snake:4  | Received a gift from Okawaru
 38725 | Snake:2  | Bought the ring of Hehuzaud {rC+ rN++ Dex+2 Stlth+} for 940 gold pieces
 38823 | Snake:4  | Reached skill level 16 in Unarmed Combat
 38949 | Snake:4  | Gained mutation: You resist negative energy. (rN+) [demonic ancestry]
 38949 | Snake:4  | Reached XP level 17. HP: 126/126 MP: 23/23
 39666 | Snake:4  | Received a gift from Okawaru
 40054 | Snake:4  | Reached skill level 10 in Fighting
 40175 | Snake:4  | Received a gift from Okawaru
 40370 | Snake:4  | Received a gift from Okawaru
 40383 | Snake:4  | Got a scorched cloak {god gift}
 40400 | Snake:4  | Identified the +2 cloak "Trusted Companion" {rN+} (Okawaru gifted it to you on level 4 of the Snake Pit)
 41260 | Snake:4  | Got a serpentine rune of Zot
 41348 | Snake:4  | Reached skill level 17 in Unarmed Combat
 41613 | Shoals:1 | Entered Level 1 of the Shoals
 41614 | Shoals:1 | Found Lifyjedgh's Assorted Antiques.
 41624 | Shoals:1 | Bought a metallic purple potion for 28 gold pieces
 41724 | Shoals:1 | Found Setainusch's Assorted Antiques.
 42162 | Shoals:1 | Found Moacups's Antique Armour Shoppe.
 42165 | Shoals:1 | Found Pyalemomi's Armour Emporium.
 42736 | Shoals:2 | Noticed Roxanne
 42769 | Shoals:2 | Killed Roxanne
 42769 | Shoals:2 | Received a gift from Okawaru
 42991 | Shoals:2 | Identified Roxanne's Almanac of Transmigration (You took it off Roxanne on level 2 of the Shoals)
 43364 | Shoals:2 | Gained mutation: You are somewhat able to resist unholy torments (1 in 2 success). [demonic ancestry]
 43364 | Shoals:2 | Reached XP level 18. HP: 54/138 MP: 14/24
 43794 | Shoals:2 | Got a steaming steel ring
 43796 | Shoals:2 | Identified the ring "Koheha" {*Tele Str+6} (You found it on level 2 of the Shoals)
 43829 | Shoals:2 | Noticed cheese's ghost (journeyman MiBe)
 43870 | Shoals:2 | Killed cheese's ghost
 44297 | Shoals:2 | Received a gift from Okawaru
 44299 | Shoals:2 | Got a slimy short sword {god gift}
 44300 | Shoals:2 | Identified the +1 short sword of Infinite Pain {antimagic, SInv} (Okawaru gifted it to you on level 2 of the Shoals)
 45545 | Shoals:4 | Entered Level 4 of the Shoals
 45600 | Shoals:4 | Noticed zachydoo's ghost (adept HOFi)
 45616 | Shoals:4 | Killed zachydoo's ghost
 45623 | Shoals:4 | Received a gift from Okawaru
 45723 | Shoals:4 | Found a radiant altar of Vehumet.
 45735 | Shoals:4 | Reached skill level 18 in Unarmed Combat
 45776 | Shoals:4 | Noticed Ilsuiw
 45823 | Shoals:4 | Killed Ilsuiw
 46153 | Shoals:4 | Identified the Collected Works on Dark Shape Shifting
 46347 | Shoals:4 | Noticed Mara
 46351 | Shoals:4 | Noticed ChocoTaco's illusion
 46925 | Shoals:4 | Noticed ChocoTaco's illusion
 46938 | Shoals:4 | Noticed ChocoTaco's illusion
 46940 | Shoals:4 | Killed Mara
 47073 | Shoals:4 | Received a gift from Okawaru
 48208 | Shoals:4 | Noticed Polyphemus
 48226 | Shoals:4 | Killed Polyphemus
 48400 | Shoals:4 | Got a slimy spear {flame}
 48541 | Shoals:4 | Received a gift from Okawaru
 49041 | Shoals:4 | Reached XP level 19. HP: 99/148 MP: 22/25
 49410 | Shoals:4 | Got a barnacled rune of Zot
 49632 | Shoals:4 | Received a gift from Okawaru
 50028 | Vaults:1 | Entered Level 1 of the Vaults
 50668 | Vaults:1 | Found Qankumm's Assorted Antiques.
 50943 | Vaults:1 | Noticed Saint Roka
 51192 | Vaults:1 | Received a gift from Okawaru
 52266 | Vaults:1 | Killed Saint Roka
 53140 | Vaults:2 | Noticed Boris
 53146 | Vaults:2 | Identified a scroll of acquirement
 53162 | Vaults:2 | Killed Boris
 53288 | Vaults:2 | Received a gift from Okawaru
 53527 | Vaults:2 | Noticed Bai Suzhen
 53576 | Vaults:2 | Killed Bai Suzhen
 53927 | Vaults:2 | Noticed Jorgrun
 53934 | Vaults:2 | Killed Jorgrun
 54468 | Vaults:2 | Cast into level 2 of the Abyss (a deep elf demonologist)
 55010 | Abyss:2  | Noticed an ancient lich
 55025 | Abyss:2  | Killed an ancient lich
 55025 | Abyss:2  | Received a gift from Okawaru
 55025 | Abyss:2  | Reached XP level 20. HP: 140/161 MP: 22/26
 55029 | Vaults:2 | Escaped the Abyss
 55037 | Vaults:2 | Reached skill level 15 in Fighting
 55568 | Vaults:2 | Received a gift from Okawaru
 55634 | Vaults:2 | Noticed Asterion
 55654 | Vaults:2 | Killed Asterion
 55669 | Vaults:2 | Received a gift from Okawaru
 55872 | Vaults:2 | Received a gift from Okawaru
 56289 | Vaults:3 | Found a staircase to the Crypt.
 56289 | Vaults:3 | Found a basalt altar of Yredelemnul.
 56290 | Vaults:3 | Found an ancient bone altar of Kikubaaqudgha.
 56836 | Vaults:3 | Reached skill level 19 in Unarmed Combat
 56954 | Vaults:3 | Received a gift from Okawaru
 57214 | Vaults:3 | Found a stormy altar of Qazlal.
 57749 | Vaults:3 | Found Coit's Antique Weapon Shoppe.
 57795 | Vaults:3 | Noticed Sojobo
 58583 | Vaults:3 | Killed Sojobo
 59703 | Elf:1    | Entered Level 1 of the Elven Halls
 59723 | Elf:1    | Reached skill level 20 in Unarmed Combat
 59804 | Elf:1    | Noticed Donald
 59810 | Elf:1    | Killed Donald
 60000 | Elf:1    | Found a deep blue altar of Sif Muna.
 60017 | Elf:1    | Received a gift from Okawaru
 60151 | Elf:1    | Got a thick robe
 60164 | Elf:1    | Identified the +1 robe of the Battered Runes {Int+4} (You found it on level 1 of the Elven Halls)
 60270 | Elf:1    | Got a wavering bone amulet
 60271 | Elf:1    | Identified the amulet of Zauroacs {RegenMP Dex+2 Slay+2 SInv} (You found it on level 1 of the Elven Halls)
 60655 | Elf:1    | Found Doujeopn's Antique Weapon Boutique.
 60727 | Elf:1    | Reached XP level 21. HP: 160/168 MP: 25/27
 60933 | Snake:2  | Bought the ring of the Mage {Wiz MR++ Int+3} for 982 gold pieces
 61253 | Elf:1    | Reached skill level 5 in Translocations
 61869 | Elf:2    | Noticed Aizul
 61885 | Elf:2    | Killed Aizul
 62162 | Elf:2    | Found a runed gate.
 62162 | Elf:2    | Found a runed gate.
 62162 | Elf:2    | Found a runed gate.
 62281 | Elf:1    | Received a gift from Okawaru
 62392 | Elf:2    | Found Neeshaer's Food Shoppe.
 62450 | Elf:2    | Received a gift from Okawaru
 63366 | Elf:2    | Received a gift from Okawaru
 63803 | Elf:2    | Reached skill level 10 in Translocations
 64064 | Depths:1 | Entered Level 1 of the Depths
 64078 | Depths:1 | Received a gift from Okawaru
 64249 | Depths:1 | Found Dunaz's Antique Armour Emporium.
 64249 | Depths:1 | Found Erixt's Book Shoppe.
 64335 | Depths:1 | Received a gift from Okawaru
 64372 | Depths:1 | Got a bloodstained plate armour {god gift}
 64955 | Depths:1 | Found a gateway to Hell.
 65003 | Depths:1 | Found a one-way gate leading to the halls of Pandemonium.
 65005 | Depths:1 | Gained mutation: You regenerate slowly when monsters are visible. [a neqoxec]
 65353 | Depths:1 | Got a slimy jade amulet
 65383 | Depths:1 | Identified the amulet of Dehiciat {Reflect *Drain rElec rC+++ Str-3 SH+2} (You found it on level 1 of the Depths)
 65409 | Depths:2 | Found a portal to a secret trove of treasure.
 65443 | Depths:2 | Found a gateway to a ziggurat.
 65921 | Depths:2 | Gained mutation: Your melee attacks may debilitate your foes. [demonic ancestry]
 65921 | Depths:2 | Reached XP level 22. HP: 175/175 MP: 28/28
 65982 | Depths:2 | Reached skill level 5 in Spellcasting
 66379 | Depths:2 | Found a radiant altar of Vehumet.
 66465 | Depths:2 | Noticed the Enchantress
 66666 | Depths:2 | Killed the Enchantress
 66678 | Depths:2 | Got faerie dragon scales
 66689 | Depths:2 | Identified the +3 faerie dragon scales {rCorr Str-4 Slay+2} (You took it off the Enchantress on level 2 of the Depths)
 66762 | Depths:2 | Got an ichor-stained ring mail
 67839 | Depths:2 | Received a gift from Okawaru
 68199 | Depths:3 | Noticed a golden dragon
 68212 | Depths:3 | Killed a golden dragon
 68302 | Depths:3 | Got a ring of the Octopus King
 68438 | Depths:3 | Identified a ring of the Octopus King {rN+ AC+1 EV+1 Str+1 Int+1 Dex+1} (You found it on level 3 of the Depths)
 68453 | Depths:3 | Noticed a golden dragon
 68464 | Depths:3 | Killed a golden dragon
 69421 | Depths:3 | Received a gift from Okawaru
 69912 | Depths:3 | Reached skill level 10 in Spellcasting
 69912 | Depths:3 | Gained mutation: You are completely covered in large bone plates. (SH +8) [demonic ancestry]
 69912 | Depths:3 | Reached XP level 23. HP: 181/181 MP: 35/37
 70104 | Depths:3 | Noticed Nikola
 70119 | Depths:3 | Killed Nikola
 70832 | Depths:3 | Reached skill level 15 in Translocations
 70939 | Depths:3 | Reached XP level 24. HP: 117/189 MP: 33/37
 72160 | Depths:4 | Received a gift from Okawaru
 72253 | Depths:4 | HP: 4/189 [caustic shrike simulacrum[a necromancer] (12)]
 72254 | Depths:4 | Killed from afar by a spark wasp

Skill      XL: |  1  2  3  4  5  6  7  8  9 10 11 12 13 14 15 16 17 18 19 20 21 22 23 24 |
---------------+-------------------------------------------------------------------------+-----
Unarmed Combat | 3 4 5 7 8 9 13 14 16 17 18 20 | 20.4
Stealth        | 2 7 8 10 11 13 | 13.3
Invocations    | 3 9 |  9.1
Necromancy     | 2 5 |  5.0
Spellcasting   | 3 4 10 | 10.0
Short Blades   | 4 7 |  7.1
Fighting       | 4 5 6 9 11 12 14 15 | 15.2
Translocations | 3 4 12 14 15 16 | 16.3
Shields        | 8 10 | 10.5
Dodging        | 7 11 13 14 | 14.1
Throwing       | 6 |  6.1
Air Magic      | 3 |  3.1
Charms         | 3 |  3.2

Action                   |  1- 3 |  4- 6 |  7- 9 | 10-12 | 13-15 | 16-18 | 19-21 | 22-24 || total
-------------------------+-------+-------+-------+-------+-------+-------+-------+-------++-------
Melee: Unarmed           |    72 |   179 |   498 |   661 |  1754 |  2025 |  2018 |   930 ||  8137
       Punch             |     2 |     5 |    19 |    20 |       |       |       |       ||    46
       Short sword       |       |       |       |       |     5 |       |       |       ||     5
 Fire: Blowgun           |       |       |       |       |    24 |    20 |       |       ||    44
 Cast: Animate Skeleton  |       |       |       |     2 |     2 |       |     1 |       ||     5
Invok: Heroism           |       |     1 |    25 |    35 |    58 |    67 |    84 |    27 ||   297
       Finesse           |       |       |       |     6 |     8 |     6 |     6 |     3 ||    29
Evoke: Wand              |       |       |       |       |       |       |     1 |     4 ||     5
  Use: Scroll            |       |     4 |     1 |    24 |    15 |    10 |    11 |     6 ||    71
       Potion            |       |       |     1 |     6 |     7 |    11 |     2 |     2 ||    29
 Stab: Sleeping          |     4 |     9 |    18 |    22 |    26 |    17 |    47 |    11 ||   154
       Distracted        |       |     1 |     4 |     7 |    15 |    17 |    25 |    15 ||    84
  Eat: Chunk             |     1 |     5 |    15 |    17 |    33 |    32 |    17 |    12 ||   132
       Bread ration      |       |     1 |       |       |       |       |       |       ||     1
       Beef jerky        |       |       |     1 |     7 |     1 |     3 |     1 |     2 ||    15
       Fruit             |       |       |     1 |       |       |       |     1 |       ||     2
       Royal jelly       |       |       |       |     1 |     2 |     1 |       |       ||     4
       Pizza             |       |       |       |       |     2 |       |     2 |       ||     4
       Meat ration       |       |       |       |       |     1 |     3 |     7 |     1 ||    12
Armor: Robe              |     7 |       |       |       |       |       |       |       ||     7
       Leather armour    |    21 |    35 |   101 |   100 |   182 |    18 |   129 |    16 ||   602
       Scale mail        |       |       |       |       |       |   241 |     9 |       ||   250
       Mottled dragon sc |       |       |       |       |       |       |       |   100 ||   100
Dodge: Dodged            |    38 |    88 |   247 |   330 |   679 |   851 |   648 |   410 ||  3291
Block: Other             |       |    14 |    54 |    52 |       |       |       |       ||   120
       Shield            |       |       |       |   322 |  1694 |  1789 |  1337 |   737 ||  5879
       Reflection        |       |       |       |       |       |       |    21 |       ||    21
